cohdb
Replays
Latest Replays
All Replays
Popular Replays
Top Player Replays
Match Explorer
How It Works
Community
CoH3 Stats
Reddit
Sign in to upload your games and track your stats! →
Sign in with Steam
Match 44550570
Unlisted
Match 44550570
Overview
Messages
Build Orders
End
Construct Infanterie Kompanie
Selects Mechanized Battlegroup
Grenadier Squad
Grenadier Squad
GrW 34 Mortar Team
Construct Luftwaffe Kompanie
Selects Mobile Repair Stations
221 Scout Car
Jäger Squad
221 Scout Car
Selects Raid Package
Selects Mobile Repair Stations
Jäger Squad
Selects Mobile Repair Stations
Selects StuG Assault Group
StuG Assault Group
Medical Station
221 Scout Car
Pioneer Squad
Selects Wespe Self-propelled Artillery
Wespe Self-propelled Artillery
Lulu
JayS
KingImRing
Jarkke
Electron
Sumanai_Eugen
普里图亚
xMesa
0
0
Comments
sign in to comment!
No comments posted yet!